 Dungeon Crawl Stone Soup version 0.21.0-3-g78d12a8 (console) character file.

102 ahub the Ducker (level 4, -4/23 HPs)
             Began as a Spriggan Monk on Jan 10, 2018.
             Slain by a hobgoblin (5 damage)
             ... led by Robin
             ... on level 3 of the Dungeon.
             The game lasted 00:06:50 (2618 turns).

ahub the Ducker (Spriggan Monk)                     Turns: 2618, Time: 00:06:51

Health: -4/23      AC:  2    Str:  7    XL:     4   Next: 50%
Magic:  5/5        EV: 22    Int: 11    God:
Gold:   124        SH:  0    Dex: 19    Spells: 3/3 levels left

rFire    . . .     SeeInvis +   a - +0 short sword
rCold    . . .     Gourm    .   (shield restricted)
rNeg     + . .     Faith    .   b - +0 robe
rPois    .         Spirit   .   (helmet restricted)
rElec    .         Reflect  .   (no cloak)
rCorr    .         Harm     .   (gloves unavailable)
MR       .....                  (boots unavailable)
Stlth    +++.......             (no amulet)
HPRegen  0.07/turn              l - ring of positive energy
MPRegen  0.09/turn              (no ring)

@: very quick
A: very small, unfitting armour, see invisible, herbivore, speed 3, slow
metabolism 2
a: no special abilities


You were on level 3 of the Dungeon.
You were not hungry.

You visited 1 branch of the dungeon, and saw 4 of its levels.

You collected 124 gold pieces.

Inventory:

Hand Weapons
 a - a +0 short sword (weapon)
Armour
 b - a +0 robe (worn)
Jewellery
 l - a ring of positive energy (left hand)
Wands
 m - a wand of flame (18)
Scrolls
 d - 3 scrolls of teleportation {unknown}
 e - a scroll of identify {unknown}
 g - a scroll of magic mapping {unknown}
 j - a scroll of immolation {unknown}
 o - a scroll of enchant armour {unknown}
 p - a scroll of remove curse {unknown}
 q - a scroll of blinking {unknown}
Potions
 f - a potion of flight {unknown}
 h - a potion of might {unknown}
 i - a potion of heal wounds {unknown}
 k - a potion of agility {unknown}
 n - a potion of berserk rage
 s - a potion of ambrosia {unknown}
 t - a potion of resistance {unknown}
 u - a potion of curing {unknown}
Books
 r - a book of Conjurations

   Spells                             Type                      Level
   a - Magic Dart                     Conjuration                  1
   b - Searing Ray                    Conjuration                  2
   c - Dazzling Spray                 Conjuration/Hexes            3
   d - Fulminant Prism                Conjuration/Hexes            4
   e - Force Lance                    Conjuration/Translocation    4
   f - Iskenderun's Mystic Blast      Conjuration                  4
Comestibles
 c - 9 rations


   Skills:
 + Level 2.8 Fighting
 + Level 3.8 Short Blades
 * Level 5.9 Dodging
 * Level 4.8 Stealth


You had 3 spell levels left.
You didn't know any spells.

Dungeon Overview and Level Annotations

Branches:
Dungeon (4/15)
 Temple: D:4-7

Altars:
Fedhas
Hepliaklqana
Makhleb
Trog
Uskayaw

Shops:
D:4 }

Annotations:
D:3 Robin


Innate Abilities, Weirdness & Mutations

You are very small and have problems with some larger weapons.
You are too small for most types of armour.
You have supernaturally acute eyesight. (SInv)
You are a herbivore.
You cover ground extremely quickly.
You need consume almost no food.


Message History

You hit the quokka.
The quokka is lightly wounded.
The goblin closely misses you. x2
Robin's bangles clink loudly.
The goblin closely misses you. The goblin hits you with a dagger.
* * * LOW HITPOINT WARNING * * *
The quokka completely misses you. The goblin closely misses you.
The goblin wields an uncursed hunting sling.
The goblin shoots a stone.
The stone closely misses you. The goblin barely misses you.
Robin throws the goblin at you!
* * * LOW HITPOINT WARNING * * *
The goblin misses you. The quokka misses you. The goblin misses you.
The goblin hits you.
* * * LOW HITPOINT WARNING * * *
The goblin no longer looks unusually strong.
Robin roars a battlecry!
The goblin goes into a battle-frenzy!
The hobgoblin hits you.
You die...

######## ##.>....##
##.>).....##
#.g.g......#
#g.ggg.....#
#.rSg......#
#...g......#
#..@.......#######
##.(......###.gg.##
##..........#.##g.#
#.........)..g..rg##
#....(.....##.###g.g
#......(...##.# ###.
#......PPP.##.# #g
#.....PP..P##.# #)
##....PP_.P##.# ##
##...PPP.P##.#
##...P.P.##.# #


You could see Robin, an adder, a quokka, a hobgoblin and 6 goblins.

Vanquished Creatures
  Jessica (D:3)
  2 adders
  An ooze (D:2)
  2 leopard geckos
  An orc (D:3)
  5 bats
  A giant cockroach (D:1)
  11 goblins
  6 hobgoblins
  3 jackals (D:1)
  A quokka (D:2)
  3 frilled lizards
  6 kobolds
  5 rats
48 creatures vanquished.

Notes
Turn   | Place    | Note
-------+----------+-------------------------------------------
     0 | D:1      | ahub the Spriggan Monk began the quest for the Orb.
     0 | D:1      | Reached XP level 1. HP: 11/11 MP: 2/2
   230 | D:1      | Reached XP level 2. HP: 16/16 MP: 3/3
   468 | D:1      | Reached skill level 5 in Dodging
   701 | D:2      | Found a hide-covered altar of Uskayaw.
   795 | D:2      | Found a hazy altar of Hepliaklqana.
   820 | D:2      | Reached XP level 3. HP: 15/19 MP: 4/4
  1531 | D:3      | Found a burning altar of Makhleb.
  1805 | D:3      | Found a bloodstained altar of Trog.
  1805 | D:3      | Noticed an eye of draining
  1805 | D:3      | Noticed an eye of draining
  1865 | D:3      | Noticed Jessica
  2020 | D:3      | Found a blossoming altar of Fedhas.
  2043 | D:3      | Reached XP level 4. HP: 23/23 MP: 5/5
  2203 | D:3      | Killed Jessica
  2325 | D:3      | Noticed Robin
  2566 | D:4      | Found Pipnul's Gadget Boutique.
  2616 | D:3      | HP: 1/23 [goblin[Robin] (2)]
  2618 | D:3      | Slain by a hobgoblin

Skill      XL: |  1  2 |
---------------+-------+-----
Dodging        | 5 |  5.9
Stealth        | 4 |  4.8
Fighting       | |  2.8
Short Blades   | |  3.8

Action                   |  1- 3 |  4- 6 || total
-------------------------+-------+-------++-------
Melee: Short sword       |   134 |    24 ||   158
Evoke: Wand              |       |     6 ||     6
  Use: Potion            |     1 |       ||     1
 Stab: Sleeping          |    15 |     2 ||    17
Armor: Robe              |     4 |     6 ||    10
Dodge: Dodged            |    89 |    56 ||   145
